Map: Lerilak Crest

Players

kira

  • Race: Terran Terran
  • League: Bronze

TuuSAmo - Winner!

  • Race: Zerg Zerg
  • League: Bronze

VOD

Have the link to the VOD?

Description

Time

  • Played on: Nov. 23, 2015, 11:06 p.m.
  • Length: 15:45
Show
View Real Time Build Order
Export as new Build Order

kira Terran 

Build Orders: MMM Bio 

Get SALT Encoding   

  12  0:13  Supply Depot  
  12  0:14  SCV  
  13  0:27  SCV  
  14  0:37  Barracks  
  14  0:39  SCV  
  15  0:51  SCV  
  16  1:04  Barracks  
  16  1:07  SCV, Refinery  
  17  1:19  SCV  
  17  1:23  Refinery  
  18  1:29  Supply Depot  
  18  1:31  SCV  
  19  1:43  SCV  
  20  1:49  Barracks Tech Lab  
  20  1:54  Barracks Tech Lab  
  20  1:56  SCV  
  21  2:04  Engineering Bay  
  21  2:08  SCV  
  22  2:12  Marine  
  23  2:16  Stimpack  
  23  2:30  SCV  
  23  2:34  Marine  
  23  2:35  Marine  
  25  2:52  Terran Infantry Weapons Level 1  
  25  2:57  Barracks  
  25  3:03  Engineering Bay  
  25  3:04  Marine x2  
  27  3:09  Combat Shields  
  27  3:14  SCV  
  28  3:22  Marine x2  
  28  3:26  SCV  
  31  3:29  Terran Infantry Armor Level 1  
  31  3:50  Supply Depot  
  31  3:54  Barracks Reactor, Factory  
  31  4:08  Orbital Command  
  31  4:10  Marine  
  29  4:26  Marine  
  29  4:28  Marine  
  31  4:32  Supply Depot  
  27  4:44  Marine  
  28  4:46  Armory, Marine  
  28  4:47  Factory Tech Lab  
  28  4:49  Marine x2  
  30  5:21  Command Center, Hellion  
  32  5:37  Marine  
  32  5:38  Marine x2  
  29  5:55  Hellion  
  30  6:11  Terran Infantry Weapons Level 2  
  30  6:14  Supply Depot  
  30  6:20  Marine x2  
  30  6:21  Marine  
  30  6:22  SCV  
  34  6:44  Marauder x2  
  38  7:00  Bunker  
  38  7:02  Orbital Command  
  38  7:03  SCV  
  38  7:05  Marauder x2  
  43  7:08  Marine  
  43  7:09  Marine  
  45  7:16  SCV  
  45  7:22  Hellion  
  48  7:26  Infernal Pre-Igniter  
  48  7:34  SCV  
  49  7:40  Bunker  
  49  7:43  Hellion  
  51  7:46  SCV  
  51  7:49  Terran Infantry Armor Level 2  
  52  7:52  Marine  
  52  7:54  Marine  
  55  7:58  SCV  
  55  8:00  SCV  
  55  8:01  Marine  
  57  8:10  SCV  
  57  8:12  SCV  
  53  8:14  Marauder  
  53  8:19  Marauder  
  57  8:21  Marine x2  
  57  8:22  SCV  
  57  8:23  Bunker  
  60  8:34  SCV  
  60  8:39  Marine  
  62  8:45  Supply Depot  
  62  8:51  Supply Depot  
  62  9:01  Barracks  
  62  9:06  SCV, Marine x2  
  62  9:07  Marauder  
  67  9:18  SCV  
  67  9:23  Terran Infantry Weapons Level 3  
  68  9:24  Marauder  
  68  9:26  SCV  
  68  9:28  Marauder  
  68  9:31  SCV  
  74  9:38  SCV  
  75  9:42  Starport  
  75  9:43  SCV  
  75  9:44  Starport  
  76  9:46  Marauder  
  76  9:49  Barracks Reactor  
  78  9:59  Supply Depot  
  78  10:09  Terran Infantry Armor Level 3  
  78  10:20  Marine x4  
  82  10:21  Starport Reactor  
  82  10:22  Starport Reactor  
  82  10:31  Supply Depot  
  82  10:32  Supply Depot  
  82  10:33  Supply Depot  
  82  10:34  Supply Depot  
  82  10:36  Supply Depot  
  82  10:38  Marine x4  
  86  10:53  Marine x2  
  86  10:56  Marine x4  
  92  10:57  Medivac x2  
  92  11:02  Medivac x2  
  100  11:10  Marine x2  
  102  11:14  Marine x4  
  106  11:24  Widow Mine  
  108  11:27  SCV, Medivac x2  
  108  11:28  Marine x2  
  108  11:30  Refinery  
  108  11:31  Refinery  
  108  11:32  Medivac, Marine  
  118  11:39  SCV  
  119  11:53  Widow Mine  
  119  11:57  Marine x6  
  101  12:14  Marine x2  
  101  12:15  Marine x4  
  103  12:30  Supply Depot  
  103  12:32  Marine x3  
  103  12:33  Marine x3  
  103  12:36  SCV  
  109  12:48  SCV x2  
  109  12:50  Marine x3  
  90  13:00  SCV x2  
  84  13:09  Marine x6  
  84  13:12  SCV x2  
  82  13:18  Medivac  
  71  13:24  SCV  
  71  13:26  Marine  
  71  13:27  Marine  
  71  13:28  SCV  
  74  13:36  Marauder x2  
  74  13:40  SCV  
  79  13:52  SCV  
  80  13:57  Supply Depot, Marauder x2  
  84  14:04  SCV  
  85  14:12  Marine  
  85  14:13  Marine x3  
  85  14:16  SCV  
  90  14:19  Marauder x2  
  94  14:30  Marine  
  95  14:40  Marauder x2  
  99  14:58  Command Center  
  99  15:01  Marauder x2  
  64  15:25  Marine x4  
Show
View Real Time Build Order
Export as new Build Order

TuuSAmo Zerg - Winner!

Build Orders: Pool First 

Get SALT Encoding   

  12  0:02  Drone  
  13  0:08  Drone  
  14  0:21  Overlord  
  14  0:41  Drone x3  
  17  0:47  Spawning Pool  
  16  0:53  Drone  
  17  1:17  Hatchery  
  16  1:23  Drone  
  17  1:27  Extractor  
  17  1:28  Drone x2  
  18  1:35  Overlord  
  18  1:44  Queen  
  20  1:51  Zergling x2  
  21  2:08  Roach Warren  
  20  2:21  Baneling Nest  
  20  2:26  Drone x3, Extractor  
  22  2:31  Drone  
  22  2:33  Queen  
  25  2:47  Drone  
  25  2:51  Drone x2  
  28  3:03  Metabolic Boost  
  28  3:08  Queen  
  30  3:16  Overlord  
  30  3:18  Overlord  
  30  3:31  Lair  
  30  3:34  Drone  
  30  3:36  Drone x2  
  33  3:42  Overlord  
  33  4:10  Zergling x2  
  33  4:11  Zergling x6  
  33  4:15  Overlord  
  35  4:17  Hatchery  
  35  4:23  Zergling x4  
  34  4:36  Zergling x10  
  34  4:37  Zergling x2  
  39  4:53  Drone x2  
  39  4:55  Extractor  
  39  4:56  Centrifical Hooks  
  40  5:01  Queen  
  42  5:07  Baneling x2  
  42  5:08  Baneling x3  
  42  5:14  Drone x2  
  44  5:15  Drone  
  44  5:21  Drone x2  
  42  5:46  Zergling x2  
  42  5:47  Zergling x14  
  43  6:07  Drone x3  
  46  6:27  Drone x3  
  50  6:32  Drone  
  50  6:33  Drone  
  51  6:45  Roach Warren  
  50  6:47  Evolution Chamber  
  50  6:49  Evolution Chamber  
  50  6:50  Extractor  
  50  6:51  Drone x3  
  50  6:52  Drone x7  
  50  6:53  Drone  
  58  6:54  Overlord x2  
  58  7:12  Queen  
  56  7:27  Zerg Missile Weapons Level 1, Zerg Ground Armor Level 1  
  56  7:30  Roach  
  56  7:31  Roach x6  
  56  7:32  Roach x2  
  74  7:44  Overlord x7  
  74  7:59  Glial Reconstitution  
  74  8:01  Queen  
  74  8:04  Roach x5  
  84  8:46  Drone x5  
  89  8:50  Drone x3, Spire  
  89  8:53  Drone x3  
  89  8:54  Drone x5  
  99  9:03  Drone  
  99  9:07  Roach x2  
  104  9:10  Hatchery  
  104  9:12  Ravager x3  
  104  9:13  Ravager  
  107  9:23  Zergling x10  
  112  9:26  Zerg Ground Armor Level 2, Zerg Melee Weapons Level 1  
  112  9:45  Extractor  
  112  9:47  Extractor  
  112  9:49  Spire  
  109  10:06  Mutalisk x5  
  109  10:07  Mutalisk x2  
  123  10:14  Pneumatized Carapace  
  123  10:25  Drone x4  
  123  10:26  Drone x6  
  133  10:46  Mutalisk  
  135  10:50  Overlord x4  
  135  11:14  Zergling x10  
  135  11:15  Zergling x6  
  116  12:04  Roach  
  116  12:05  Roach x7  
  116  12:06  Roach x6  
  116  12:07  Roach x2  
  141  12:13  Zergling x2  
  141  12:15  Spine Crawler x2  
  121  12:35  Ravager x6  
  121  12:36  Ravager x2  
  126  12:37  Zergling x2  
  126  12:38  Zergling x14  
  98  13:19  Zergling x20  
  103  13:20  Zergling x4  
  103  13:28  Queen  
  101  13:35  Zerg Flyer Weapons Level 1  
  101  13:45  Zergling x12  
  107  13:55  Roach  
  107  13:56  Roach x2  
  111  14:17  Zergling x4  
  113  14:33  Baneling x4  
  113  14:34  Baneling x5  
  113  14:36  Zergling x10  
  113  14:37  Zergling x14  
  125  14:46  Infestation Pit  
  124  14:54  Hatchery  
  124  14:58  Zergling x2  
  124  14:59  Zergling x8  
  128  15:05  Baneling x3  
  128  15:06  Baneling x6  
Tags
 
Composition
MMM Bio
Matchup
TvZ
Opening
Pool First
Replay Pack
My Games so far
Add a new tag
Caveats
  • Supply blocks, unpowered buildings, or Contaminate may cause inaccurate times.
  • Supply counts are checked every 10 seconds.